 Dungeon Crawl Stone Soup version 0.26.1-11-gd32895ea62 (webtiles) character file.

Game seed: 9889489130496798792

115 seveneves the Shield-Bearer (level 4, -1/41 HPs)
             Began as a Minotaur Fighter on July 23, 2021.
             Slain by an ooze (2 damage)
             ... on level 2 of the Dungeon.
             The game lasted 00:06:21 (925 turns).

seveneves the Shield-Bearer (Minotaur Fighter)       Turns: 925, Time: 00:06:21

Health: -1/41      AC:  0    Str: 22    XL:     4   Next: 68%
Magic:  3/3        EV:  8    Int:  5    God:
Gold:   65         SH:  9    Dex:  9    Spells: 3/3 levels left

rFire    . . .     SeeInvis .   g - +0 short sword (vamp)
rCold    . . .     Faith    .   c - +0 kite shield
rNeg     + . .     Spirit   .   b - +0 scale mail
rPois    .         Reflect  .   (helmet restricted)
rElec    .         Harm     +   k - scarf {harm}
rCorr    .         Rampage  .   (no gloves)
Will     .....                  (no boots)
Stlth    ..........             (no amulet)
HPRegen  0.13/turn              e - ring of positive energy
MPRegen  0.08/turn              (no ring)

@: brilliant, corroded
A: retaliatory headbutt, horns 2
a: no special abilities


You were on level 2 of the Dungeon.
You visited 1 branch of the dungeon, and saw 2 of its levels.

You collected 65 gold pieces.

Inventory:

Hand Weapons
 a - a +0 long sword
 g - a +0 vampiric short sword (weapon)
Armour
 b - a +0 scale mail (worn)
 c - a +0 kite shield (worn)
 k - a scarf of harm (worn)
Jewellery
 e - a ring of positive energy (left hand)
Scrolls
 f - a scroll of fog {unknown}
Potions
 d - a potion of might
 h - a potion of heal wounds {unknown}
 i - 2 potions of attraction {unknown}
 j - a potion of flight {unknown}


   Skills:
 + Level 4.3 Fighting
 + Level 3.8 Long Blades
 + Level 4.2 Armour
 + Level 1.2 Dodging
 + Level 4.4 Shields


You had 3 spell levels left.
You didn't know any spells.
Your spell library was empty.

Dungeon Overview and Level Annotations

Branches:
Dungeon (2/15)

Altars:


Innate Abilities, Weirdness & Mutations

You reflexively headbutt those who attack you in melee.
You have a pair of horns on your head.


Message History

The ooze hits you.
The ooze jiggles.
You block the jelly's attack. The ooze hits you.
You are too injured to fight recklessly!
There is an open door here.
You are too injured to fight recklessly!
You are too injured to fight recklessly!
You are too injured to fight recklessly!
You hit the ooze but do no damage. You block the ooze's attack.
The ooze hits something.
You hit the ooze but do no damage. The ooze hits you.
You completely miss the ooze.
You headbutt the ooze, but do no damage.
The ooze hits you.
* * * LOW HITPOINT WARNING * * *
You hit the ooze but do no damage. The ooze hits you.
* * * LOW HITPOINT WARNING * * *
You hit the ooze but do no damage. You block the ooze's attack.
You barely miss the ooze. The ooze hits you.
You die...

############.#....##)..
#?.÷......##.#######)..
#...P÷P.P÷##.#.........
#.........##.#...(...##
#...P.J...##.#.......#
#..÷.J.JP.##.#.......#
#...JJ..J.##.#.......#
########J###.#.......#
##....@J## #.#.......#
#.######## #.#.......#
##..'....# #.#########
####....# #.# #####
#......)# #.# #....
#.......###.######....
#.......##............
#.......##..##........
#.
##.....###...+.)......


You could see 2 oozes.

Vanquished Creatures
  A jelly (D:2)
  Jessica (D:2)
  An ooze (D:2)
  A dart slug (D:2)
  A leopard gecko (D:2)
  5 bats
  9 goblins
  4 hobgoblins
  6 jackals (D:1)
  13 kobolds
  A quokka (D:2)
  4 frilled lizards
  3 rats (D:1)
50 creatures vanquished.

Vanquished Creatures (others)
  A fungus (D:2)
  12 toadstools (D:2)
13 creatures vanquished.

Grand Total: 63 creatures vanquished

Notes
Turn   | Place    | Note
-------+----------+-------------------------------------------
     0 | D:1      | seveneves the Minotaur Fighter began the quest for the Orb.
     0 | D:1      | Reached XP level 1. HP: 19/19 MP: 0/0
    75 | D:1      | Reached XP level 2. HP: 18/27 MP: 1/1
   494 | D:1      | Reached XP level 3. HP: 30/33 MP: 2/2
   618 | D:2      | Noticed Jessica
   621 | D:2      | Killed Jessica
   622 | D:2      | Reached skill level 1 in Dodging
   721 | D:2      | Reached XP level 4. HP: 38/40 MP: 3/3
   923 | D:2      | HP: 1/41 [ooze (6)]
   925 | D:2      | Slain by an ooze

Illustrated notes

Levels and vault maps discovered:
D:1:      tarquinn_simple_flora_water_a, layout_basic, serial_forest,
          infiniplex_forest_clump_large, infiniplex_forest_clump_medium,
          infiniplex_forest_clump_tiny, infiniplex_forest_corner_1,
          infiniplex_forest_lined_room_2, infiniplex_forest_corner_2,
          infiniplex_forest_clump_double
D:2:      cheibrodos_fertilizer, layout_basic, kennysheep_nub, uniq_jessica

Skill      XL: |  1  2  3 |
---------------+----------+-----
Fighting       | 4 |  4.3
Long Blades    | 3 |  3.8
Shields        | 4 |  4.4
Dodging        | 1 |  1.2
Armour         | 4 |  4.2

Action                   |  1- 3 |  4- 6 || total
-------------------------+-------+-------++-------
Melee: Long sword        |    97 |    25 ||   122
       Headbutt          |    16 |     4 ||    20
       Short sword       |       |    12 ||    12
  Use: Potion            |       |     1 ||     1
Armor: Scale mail        |    53 |    17 ||    70
Dodge: Dodged            |    27 |    17 ||    44
Block: Kite shield       |    60 |    25 ||    85
       Rpst.: Long sword |     8 |     5 ||    13
